 Dungeon Sprint DCSS version 0.17-a0-1651-gae1a69f (webtiles) character file.

22238 Kidiri the Spry (level 12, -1/51 HPs)
             Began as a Spriggan Enchanter on Aug 14, 2015.
             Was the Champion of Dithmenos.
             Slain by a greater naga
             ... wielding a +0 flail
              (25 damage)
             ... in the Dungeon (Sprint III: "The Ten Rune Challenge").
             The game lasted 00:14:13 (3453 turns).

Kidiri the Spry (Spriggan Enchanter)                Turns: 3453, Time: 00:14:13

Health: -1/51      AC:  5    Str:  4    XL:     12   Next: 61%
Magic:  12/34      EV: 36    Int: 19    God:    Dithmenos [******]
Gold:   23         SH:  2    Dex: 19    Spells: 9 memorised, 18 levels left

rFire  . . .     SeeInvis +     w - +0 dagger (venom)
rCold  . . .     Clarity  .     b - +1 robe
rNeg   . . .     SustAt   .     (shield restricted)
rPois  +         Gourm    .     (helmet restricted)
rElec  .         Spirit   .     k - +0 cloak
rCorr  .         Warding  .     (gloves unavailable)
rMut   .         NoTele   +     (boots unavailable)
MR     +++..                    (no amulet)
Stlth  ++++++++++               (no ring)
                                (no ring)

@: very slightly contaminated, wreathed by umbra, very quick, extremely
resistant to hostile enchantments, uncannily stealthy
A: unfitting armour, horns 1, large bone plates 1, see invisible, breathe flames
1, deformed body, herbivore 3, speed 3, magic resistance 1, poison resistance,
slow metabolism 2
a: Shadow Step, Shadow Form, Renounce Religion, Breathe Fire


You were in the Dungeon.
You worshipped Dithmenos.
Dithmenos was exalted by your worship.
You were full.

You visited 1 branch You collected 23 gold pieces.

Inventory:

Hand weapons
 m - a +1 dagger of draining
 w - a +0 dagger of venom (weapon)
Missiles
 x - 10 throwing nets (quivered)
Armour
 b - a +1 robe (worn)
 k - a +0 cloak (worn)
Magical devices
 o - a wand of confusion (33)
Scrolls
 j - a scroll of blinking
 p - a scroll of holy word {unknown}
 q - a scroll of random uselessness {unknown}
 r - 3 scrolls of remove curse
 u - a scroll of immolation {unknown}
 v - a scroll of enchant weapon {unknown}
Potions
 e - 3 potions of curing
 g - a potion of haste
 h - a potion of magic
 i - a potion of berserk rage
 n - a potion of might
 s - 3 potions of cure mutation
 t - 3 potions of flight
Comestibles
 c - 29 royal jellies
 d - a bread ration


   Skills:
 + Level 11.6 Short Blades
 * Level 19.8 Dodging
 * Level 17.3 Stealth
 * Level 17.2 Spellcasting
 + Level 7.9 Conjurations
 + Level 13.1 Hexes
 + Level 13.4 Charms
 + Level 9.0 Ice Magic
 - Level 3.4 Invocations


You had 18 spell levels left.
You knew the following spells:

 Your Spells              Type           Power        Failure   Level  Hunger
a - Corona                Hex            ######.      1%          1    None
b - Ensorcelled Hibernat  Hex/Ice        ######       1%          2    None
c - Confuse               Hex            ######..     1%          3    None
d - Tukima's Dance        Hex            ######..     1%          3    None
e - Dazzling Spray        Conj/Hex       ######..     1%          3    None
f - Iskenderun's Battles  Conj/Chrm      ######..     1%          5    ###....
g - Iskenderun's Mystic   Conj           #####...     1%          4    None
h - Fulminant Prism       Conj/Hex       ######....   1%          4    None
i - Searing Ray           Conj           #####.       1%          2    None


Dungeon Overview and Level Annotations

Branches:
Dungeon (1/1)

Altars:
Cheibriados
Dithmenos
Elyvilon
Fedhas
Gozag
Kikubaaqudgha
Makhleb
Nemelex Xobeh
Okawaru
Qazlal
Ru
Sif Muna
Trog
Vehumet
Xom
Yredelemnul
Zin
The Shining One
Jiyva
Lugonu

Shops:
D =[!

Annotations:
D Polyphemus


Innate Abilities, Weirdness & Mutations

You are tiny and cannot use many weapons and most armour.
You have supernaturally acute eyesight.
You are a herbivore.
You cover ground extremely quickly.
You need consume almost no food.
You have a pair of small horns on your head.
You are partially covered in large bone plates (AC +2, SH +2).
You can breathe flames.
Armour fits poorly on your strangely shaped body.
You are resistant to hostile enchantments.
Your system is resistant to poisons.


Message History

The spray of energy hits the naga warrior.
The naga warrior is heavily wounded.
The spray of energy hits the greater naga.
The greater naga is lightly wounded.
Your shadow mimicks your spell!
The shadow shard hits the naga warrior.
Your battlesphere fires!
The barrage of energy hits the naga warrior.
The naga warrior is severely wounded.
The greater naga hits you with a flail!
* * * LOW HITPOINT WARNING * * *
You emit a cloud of dark smoke.
The greater naga completely misses you. The naga warrior spits poison at you.
The splash of poison misses you. The naga completely misses you.
The greater naga points at you and mumbles some strange words.
The poison arrow misses you.
Drink which item? (? for menu, Esc to quit)
You feel much better.
The greater naga hits you with a flail!!
You die...

###########..#▓≈≈≈.Y≈≈≈
##.....%.%...#▓≈≈.YC.≈≈
#...........##▓≈≈≈.Y≈≈≈
#..########## ▓≈≈≈≈≈≈≈≈
#.....%.....##▓≈≈≈≈≈≈≈≈
##...........#
##########..#
#..NNN§.....#
#∩.§N§@*....##
#∩.########## #∩ #


You could see a naga warrior, a greater naga and 2 nagas.

Vanquished Creatures
  Rupert (D)
  Maud (D)
  2 hydras (D)
  Erolcha (D)
  5 anacondas (D)
  4 death yaks (D)
  A death drake (D)
  A lindwurm (D)
  6 black mambas (D)
  2 spiny frogs (D)
  A komodo dragon (D)
  A fire drake (D)
  3 wandering mushrooms (D)
  A queen bee (D)
  A deep elf priest (D)
  8 blink frogs (D)
  2 trapdoor spiders (D)
  4 redbacks (D)
  A shadow (D)
  2 hill giants (D)
  A spatial vortex (D)
  6 water moccasins (D)
  A swamp drake (D)
  A necrophage (D)
  3 two-headed ogres (D)
  2 brain worms (D)
  A water elemental (D)
  32 killer bees (D)
  An electric eel (D)
  A jelly (D)
  Crazy Yiuf (D)
  A necromancer (D)
  A wizard (D)
  A kobold demonologist (D)
  3 humans (D)
  3 adders (D)
  4 rats (D)
111 creatures vanquished.

Vanquished Creatures (others)
  2 draconian scorchers (D)
  3 yaktaurs (D)
  2 fulminant prisms (D)
  2 plants (D)
9 creatures vanquished.

Grand Total: 120 creatures vanquished

Notes
Turn   | Place    | Note
--------------------------------------------------------------
     0 | D        | Kidiri the Spriggan Enchanter began the quest for the Orb.
     0 | D        | Reached XP level 1. HP: 9/9 MP: 5/5
   200 | D        | Killed a yaktaur
   211 | D        | Reached skill level 5 in Dodging
   211 | D        | Reached skill level 5 in Stealth
   211 | D        | Reached XP level 2. HP: 13/13 MP: 5/8
   212 | D        | Killed a white draconian scorcher
   215 | D        | Learned a level 2 spell: Ensorcelled Hibernation
   236 | D        | Killed a white draconian scorcher
   351 | D        | Noticed Crazy Yiuf
   358 | D        | Killed Crazy Yiuf
   358 | D        | Reached skill level 6 in Dodging
   358 | D        | Reached skill level 5 in Spellcasting
   358 | D        | Reached skill level 1 in Ice Magic
   358 | D        | Reached XP level 3. HP: 16/16 MP: 6/10
   363 | D        | Learned a level 3 spell: Confuse
   367 | D        | Learned a level 3 spell: Tukima's Dance
   371 | D        | Learned a level 3 spell: Dazzling Spray
   414 | D        | Gained mutation: You can breathe flames. [potion of mutation]
   414 | D        | Gained mutation: Your system is resistant to poisons. [potion of mutation]
   414 | D        | Gained mutation: Armour fits poorly on your strangely shaped body. [potion of mutation]
   415 | D        | Gained mutation: You are resistant to hostile enchantments. [potion of mutation]
   415 | D        | Gained mutation: You have a pair of small horns on your head. [potion of mutation]
   415 | D        | Gained mutation: You are partially covered in large bone plates (AC +2, SH +2). [potion of mutation]
   448 | D        | Noticed a water elemental
   450 | D        | Killed a water elemental
   450 | D        | Reached skill level 7 in Dodging
   450 | D        | Reached skill level 1 in Conjurations
   450 | D        | Reached skill level 5 in Hexes
   450 | D        | Reached XP level 4. HP: 21/21 MP: 11/13
   460 | D        | Noticed a jelly
   461 | D        | Noticed a shadow
   490 | D        | Killed a shadow
   490 | D        | Reached skill level 9 in Dodging
   490 | D        | Reached XP level 5. HP: 14/24 MP: 2/16
   496 | D        | Killed a jelly
   496 | D        | Reached XP level 6. HP: 16/28 MP: 1/17
   662 | D        | Killed a yaktaur
   694 | D        | Found a stormy altar of Qazlal.
   694 | D        | Found a sacrificial altar of Ru.
   694 | D        | Found a burning altar of Makhleb.
   694 | D        | Found a shimmering altar of Xom.
   695 | D        | Found a viscous altar of Jiyva.
   695 | D        | Found a shadowy altar of Dithmenos.
   695 | D        | Found a sparkling altar of Nemelex Xobeh.
   695 | D        | Found a corrupted altar of Lugonu.
   695 | D        | Found an opulent altar of Gozag.
   695 | D        | Noticed a spatial vortex
   699 | D        | Became a worshipper of Dithmenos the Shadowed
   713 | D        | Killed a spatial vortex
   713 | D        | Reached skill level 5 in Short Blades
   713 | D        | Reached skill level 10 in Dodging
   713 | D        | Reached skill level 1 in Invocations
   887 | D        | Found a radiant altar of Vehumet.
   888 | D        | Found a deep blue altar of Sif Muna.
   888 | D        | Found an ancient bone altar of Kikubaaqudgha.
   888 | D        | Noticed a wizard
   889 | D        | Killed a wizard
   905 | D        | Learned a level 5 spell: Iskenderun's Battlesphere
   910 | D        | Learned a level 4 spell: Iskenderun's Mystic Blast
   919 | D        | Found a glowing silver altar of Zin.
   920 | D        | Found a glowing golden altar of the Shining One.
   920 | D        | Found a white marble altar of Elyvilon.
   920 | D        | Noticed a deep elf priest
   922 | D        | Killed a deep elf priest
   922 | D        | Reached XP level 7. HP: 32/32 MP: 18/20
   934 | D        | Found an iron altar of Okawaru.
   935 | D        | Found a bloodstained altar of Trog.
   935 | D        | Noticed a human
   935 | D        | Noticed a human
   937 | D        | Killed a human
   937 | D        | Reached skill level 11 in Dodging
   949 | D        | Killed a human
  1073 | D        | Learned a level 4 spell: Fulminant Prism
  1078 | D        | Found a snail-covered altar of Cheibriados.
  1078 | D        | Noticed a necrophage
  1079 | D        | Found a basalt altar of Yredelemnul.
  1079 | D        | Found a blossoming altar of Fedhas.
  1079 | D        | Noticed a necromancer
  1080 | D        | Killed a necrophage
  1080 | D        | Reached skill level 10 in Spellcasting
  1080 | D        | Reached XP level 8. HP: 36/36 MP: 23/23
  1081 | D        | Killed a necromancer
  1081 | D        | Acquired Dithmenos's first power
  1103 | D        | Noticed a two-headed ogre
  1103 | D        | Noticed a two-headed ogre
  1107 | D        | Killed a two-headed ogre
  1109 | D        | Killed a two-headed ogre
  1109 | D        | Reached skill level 10 in Stealth
  1111 | D        | Noticed a two-headed ogre
  1112 | D        | Killed a two-headed ogre
  1112 | D        | Reached skill level 12 in Dodging
  1189 | D        | Noticed a hill giant
  1192 | D        | Killed a hill giant
  1192 | D        | Acquired Dithmenos's second power
  1197 | D        | Noticed a hill giant
  1197 | D        | Noticed Erolcha
  1206 | D        | Killed Erolcha
  1206 | D        | Reached skill level 13 in Dodging
  1206 | D        | Reached skill level 5 in Ice Magic
  1206 | D        | Reached XP level 9. HP: 39/39 MP: 16/25
  1208 | D        | Killed a hill giant
  1269 | D        | Learned a level 2 spell: Searing Ray
  1271 | D        | Noticed a redback
  1281 | D        | Killed a redback
  1314 | D        | Noticed a trapdoor spider
  1316 | D        | Killed a trapdoor spider
  1316 | D        | Acquired Dithmenos's third power
  1340 | D        | Noticed a trapdoor spider
  1342 | D        | Killed a trapdoor spider
  1366 | D        | Noticed a killer bee
  1366 | D        | Noticed a killer bee
  1366 | D        | Noticed a killer bee
  1366 | D        | Noticed a killer bee
  1366 | D        | Noticed a killer bee
  1366 | D        | Noticed a killer bee
  1366 | D        | Noticed a killer bee
  1366 | D        | Noticed a killer bee
  1366 | D        | Noticed a killer bee
  1366 | D        | Noticed a killer bee
  1366 | D        | Noticed a killer bee
  1366 | D        | Noticed a killer bee
  1366 | D        | Noticed a killer bee
  1366 | D        | Noticed a killer bee
  1366 | D        | Noticed a killer bee
  1367 | D        | Noticed a killer bee
  1367 | D        | Noticed a killer bee
  1367 | D        | Noticed a killer bee
  1367 | D        | Noticed a killer bee
  1367 | D        | Noticed a queen bee
  1367 | D        | Noticed a killer bee
  1367 | D        | Noticed a killer bee
  1367 | D        | Noticed a killer bee
  1367 | D        | Noticed a killer bee
  1367 | D        | Noticed a killer bee
  1367 | D        | Noticed a killer bee
  1367 | D        | Noticed a killer bee
  1367 | D        | Noticed a killer bee
  1367 | D        | Noticed a killer bee
  1367 | D        | Noticed a killer bee
  1367 | D        | Noticed a killer bee
  1367 | D        | Noticed a killer bee
  1367 | D        | Noticed a killer bee
  1368 | D        | Killed a killer bee
  1374 | D        | Killed a killer bee
  1374 | D        | Reached skill level 14 in Dodging
  1376 | D        | Killed a killer bee
  1378 | D        | Killed a killer bee
  1380 | D        | Killed a killer bee
  1380 | D        | Reached skill level 5 in Conjurations
  1382 | D        | Killed a killer bee
  1382 | D        | Acquired Dithmenos's fourth power
  1384 | D        | Killed a killer bee
  1386 | D        | Killed a killer bee
  1388 | D        | Killed a killer bee
  1393 | D        | Killed a killer bee
  1395 | D        | Killed a killer bee
  1419 | D        | Killed a killer bee
  1430 | D        | Killed a killer bee
  1439 | D        | Killed a killer bee
  1566 | D        | Killed a killer bee
  1569 | D        | Killed a killer bee
  1575 | D        | Killed a killer bee
  1583 | D        | Killed a killer bee
  1601 | D        | Killed a killer bee
  1606 | D        | Killed a killer bee
  1608 | D        | Killed a killer bee
  1645 | D        | Killed a killer bee
  1647 | D        | Killed a killer bee
  1649 | D        | Killed a killer bee
  1653 | D        | Killed a killer bee
  1657 | D        | Killed a killer bee
  1659 | D        | Killed a killer bee
  1661 | D        | Killed a killer bee
  1663 | D        | Killed a killer bee
  1663 | D        | Reached XP level 10. HP: 42/44 MP: 6/27
  1684 | D        | Killed a killer bee
  1690 | D        | Killed a killer bee
  1690 | D        | Reached skill level 10 in Hexes
  1938 | D        | Killed a killer bee
  1942 | D        | Killed a queen bee
  1942 | D        | Reached skill level 15 in Dodging
  2053 | D        | Noticed a wandering mushroom
  2054 | D        | Noticed a wandering mushroom
  2054 | D        | Noticed a wandering mushroom
  2055 | D        | Killed a wandering mushroom
  2057 | D        | Killed a wandering mushroom
  2058 | D        | Killed a wandering mushroom
  2094 | D        | Noticed a spiny frog
  2094 | D        | Noticed a komodo dragon
  2094 | D        | Noticed a spiny frog
  2097 | D        | Killed a spiny frog
  2100 | D        | Killed a spiny frog
  2103 | D        | Killed a komodo dragon
  2145 | D        | Noticed a redback
  2147 | D        | Killed a redback
  2148 | D        | Noticed a brain worm
  2151 | D        | Killed a brain worm
  2158 | D        | Noticed a brain worm
  2160 | D        | Killed a brain worm
  2167 | D        | Noticed a lindwurm
  2170 | D        | Noticed a redback
  2171 | D        | Killed a lindwurm
  2171 | D        | Reached skill level 16 in Dodging
  2171 | D        | Reached skill level 10 in Charms
  2175 | D        | Killed a redback
  2178 | D        | Noticed a redback
  2182 | D        | Killed a redback
  2186 | D        | Noticed Maud
  2189 | D        | Killed Maud
  2189 | D        | Reached XP level 11. HP: 47/47 MP: 18/30
  2244 | D        | Killed a yaktaur
  2324 | D        | Noticed an electric eel
  2325 | D        | Noticed a five-headed hydra
  2325 | D        | Noticed a five-headed hydra
  2326 | D        | Killed an electric eel
  2328 | D        | Killed a five-headed hydra
  2329 | D        | Killed a five-headed hydra
  2329 | D        | Reached skill level 10 in Short Blades
  2329 | D        | Reached skill level 17 in Dodging
  2366 | D        | Noticed a death drake
  2369 | D        | Killed a death drake
  2369 | D        | Reached skill level 15 in Spellcasting
  2371 | D        | Noticed Polyphemus
  2455 | D        | Noticed a swamp drake
  2455 | D        | Noticed a fire drake
  2456 | D        | Killed a fire drake
  2458 | D        | Killed a swamp drake
  2465 | D        | Noticed a blink frog
  2466 | D        | Noticed a blink frog
  2466 | D        | Noticed a blink frog
  2466 | D        | Noticed a blink frog
  2466 | D        | Noticed a blink frog
  2467 | D        | Killed a blink frog
  2468 | D        | Killed a blink frog
  2470 | D        | Killed a blink frog
  2473 | D        | Killed a blink frog
  2478 | D        | Killed a blink frog
  2642 | D        | Noticed Rupert
  2645 | D        | Killed Rupert
  2645 | D        | Reached skill level 18 in Dodging
  2770 | D        | Noticed a death yak
  2771 | D        | Noticed a death yak
  2771 | D        | Noticed a blink frog
  2772 | D        | Killed a death yak
  2772 | D        | Reached skill level 15 in Stealth
  2773 | D        | Noticed an azure jelly
  2773 | D        | Noticed a death yak
  2773 | D        | Noticed an azure jelly
  2773 | D        | Noticed a blink frog
  2773 | D        | Noticed a death yak
  2774 | D        | Noticed a blink frog
  2778 | D        | Killed a blink frog
  2786 | D        | Killed a death yak
  2792 | D        | Noticed a black mamba
  2794 | D        | Noticed a black mamba
  2800 | D        | Killed a death yak
  2800 | D        | Reached XP level 12. HP: 35/51 MP: 22/33
  2898 | D        | Killed a blink frog
  2903 | D        | Killed a black mamba
  2904 | D        | Killed a blink frog
  2912 | D        | Killed a black mamba
  3120 | D        | Noticed an azure jelly
  3120 | D        | Noticed an azure jelly
  3131 | D        | Killed a death yak
  3241 | D        | Noticed a water moccasin
  3241 | D        | Noticed an anaconda
  3241 | D        | Noticed a water moccasin
  3241 | D        | Noticed a black mamba
  3241 | D        | Noticed a water moccasin
  3242 | D        | Noticed a water moccasin
  3242 | D        | Noticed a black mamba
  3243 | D        | Killed a black mamba
  3243 | D        | Reached skill level 19 in Dodging
  3244 | D        | Killed a water moccasin
  3245 | D        | Killed a water moccasin
  3247 | D        | Killed an anaconda
  3253 | D        | Killed a water moccasin
  3255 | D        | Killed a black mamba
  3257 | D        | Killed a water moccasin
  3370 | D        | Noticed an anaconda
  3370 | D        | Noticed a black mamba
  3370 | D        | Noticed an anaconda
  3370 | D        | Noticed a black mamba
  3370 | D        | Noticed an anaconda
  3371 | D        | Noticed a water moccasin
  3372 | D        | Killed an anaconda
  3375 | D        | Killed a black mamba
  3377 | D        | Killed an anaconda
  3378 | D        | Killed an anaconda
  3380 | D        | Killed a black mamba
  3382 | D        | Killed a water moccasin
  3417 | D        | Noticed an anaconda
  3418 | D        | Noticed a water moccasin
  3419 | D        | Killed an anaconda
  3422 | D        | Killed a water moccasin
  3443 | D        | Noticed a naga
  3443 | D        | Noticed a naga
  3444 | D        | Noticed a naga warrior
  3444 | D        | Noticed a greater naga
  3444 | D        | Found Tofoet's Jewellery Boutique.
  3444 | D        | Found Iheoj's Antique Armour Emporium.
  3444 | D        | Found Nolaish's Distillery.
  3453 | D        | Slain by a greater naga

Vault maps used:
D:        dungeon_sprint_mu

Action                   |  1- 3 |  4- 6 |  7- 9 | 10-12 || total
-------------------------+-------+-------+-------+-------++-------
Melee: Dagger            |    32 |    16 |    87 |    88 ||   223
 Cast: Corona            |     2 |       |       |       ||     2
       Ensorcelled Hiber |     1 |     2 |    38 |    29 ||    70
       Dazzling Spray    |       |     9 |     2 |    20 ||    31
       Confuse           |       |       |     2 |     1 ||     3
       Iskenderun's Batt |       |       |       |     2 ||     2
       Fulminant Prism   |       |       |       |     2 ||     2
Invok: Shadow Step       |       |       |       |    15 ||    15
 Abil: Breathe Fire      |       |     2 |       |       ||     2
  Use: Potion            |     2 |       |       |     2 ||     4
 Stab: Sleeping          |     3 |     4 |    37 |    51 ||    95
       Confused          |       |       |     2 |     2 ||     4
       Invisible         |       |       |     2 |     1 ||     3
       Distracted        |       |       |       |     1 ||     1
  Eat: Bread ration      |       |       |       |     1 ||     1
